 Dungeon Crawl Stone Soup version 0.25.1-2-g60ff931df9 (webtiles) character file.

Game seed: 2015212623872344329

8350 hawla the Basher (level 11, -3/99 HPs)
             Began as a Minotaur Berserker on Oct 1, 2020.
             Was a High Priest of Trog.
             Slain by Snorg (16 damage)
             ... on level 10 of the Dungeon.
             The game lasted 00:31:35 (13327 turns).

hawla the Basher (Minotaur Berserker)              Turns: 13327, Time: 00:31:35

Health: -3/99      AC: 16    Str: 26    XL:     11   Next: 8%
Magic:  19/19      EV: 10    Int:  4    God:    Trog [*****.]
Gold:   246        SH:  0    Dex:  9    Spells: 10/10 levels left

rFire    . . .     SeeInvis +   B - +1 scythe (venom)
rCold    . . .     Gourm    .   (shield currently unavailable)
rNeg     . . .     Faith    .   b - +0 plate armour
rPois    .         Spirit   .   (helmet restricted)
rElec    .         Reflect  .   p - +0 cloak
rCorr    .         Harm     .   (no gloves)
MR       .....                  z - +0 pair of boots
Stlth    ..........             (no amulet)
HPRegen  0.26/turn              j - ring of see invisible
MPRegen  0.16/turn              y - ring of magical power

@: about to teleport, hasted, studying Maces & Flails, very quick
A: retaliatory headbutt, horns 2
a: Berserk, Trog's Hand, Brothers in Arms, Renounce Religion


You were on level 10 of the Dungeon.
You worshipped Trog.
Trog was extremely pleased with you.
You were not hungry.

You visited 2 branches of the dungeon, and saw 11 of its levels.

You collected 470 gold pieces.
You spent 224 gold pieces at shops.

Inventory:

Hand Weapons
 g - a +2 great mace of protection
 k - a +2 scimitar of flaming
 v - a +0 war axe
 w - a +0 morningstar of draining
 x - a +0 flail of holy wrath
 B - a +1 scythe of venom (weapon)
 D - the +6 falchion of Wyrd {vorpal, rPois MR- Dex+3}
   (You bought it in a shop on level 9 of the Dungeon)

   It inflicts extra damage upon your enemies.
   It affects your dexterity (+3).
   It protects you from poison.
   It affects your resistance to hostile enchantments.
Missiles
 e - 11 boomerangs
 m - 51 poisoned darts (quivered)
Armour
 b - a +0 plate armour (worn)
 p - a +0 cloak (worn)
 z - a +0 pair of boots (worn)
Jewellery
 j - a ring of see invisible (left hand)
 y - a ring of magical power (right hand)
Wands
 n - a wand of iceblast (10)
Scrolls
 d - 2 scrolls of enchant weapon {unknown}
 h - 2 scrolls of remove curse
 r - 3 scrolls of teleportation
 s - 10 scrolls of identify
 C - a scroll of holy word {unknown}
Potions
 i - a potion of haste
 l - 4 potions of curing {unknown}
 o - 2 potions of brilliance {unknown}
 q - 2 potions of flight {unknown}
 u - 2 potions of cancellation {unknown}
 A - a potion of mutation {unknown}
Books
 f - a manual of Maces & Flails
Miscellaneous
 t - a phantom mirror
Comestibles
 c - 6 rations


   Skills:
 + Level 9.9 Fighting
 + Level 1.4 Long Blades
 + Level 6.6(9.9) Axes
 + Level 11.1(12.5) Maces & Flails
 + Level 2.1(6.6) Polearms
   Level 7.1(10.2) Staves
 + Level 5.3 Throwing
 + Level 8.4 Armour
 + Level 6.4 Dodging


You had 10 spell levels left.
You didn't know any spells.
Your spell library was empty.

Dungeon Overview and Level Annotations

Branches:
Dungeon (10/15)            Temple (1/1) D:7            Lair (0/6) D:9
    Orc: D:9-12

Altars:
Cheibriados
Dithmenos
Fedhas
Gozag
Kikubaaqudgha
Makhleb
Nemelex Xobeh
Qazlal
Uskayaw
Vehumet
Wu Jian
Xom
Yredelemnul
Zin

Shops:
D:7 [   D:9 (

Annotations:
D:7 2 transporters
D:10 Snorg


Innate Abilities, Weirdness & Mutations

You reflexively headbutt those who attack you in melee.
You have a pair of horns on your head.


Message History

Snorg is lightly wounded.
Snorg barely misses you. You furiously retaliate!
You headbutt Snorg. Snorg claws you but does no damage. Snorg claws you.
Your +0 flail of holy wrath stops glowing.
Your +1 scythe of venom begins to drip with poison!
B - a +1 scythe of venom (weapon)
You slash Snorg!
Snorg is poisoned.
Your headbutt misses Snorg.
Snorg is lightly wounded.
Snorg bites you! Snorg claws you. Snorg claws you! Snorg barely misses you. x4
Snorg claws you but does no damage. x2
As you read the scroll of teleportation, it crumbles to dust.
You feel strangely unstable. Snorg bites you! Snorg barely misses you.
Snorg claws you!
* * * LOW HITPOINT WARNING * * *
Snorg bites you!
* * * LOW HITPOINT WARNING * * *
Snorg claws you but does no damage. x2
Okay, then.
You feel yourself speed up. Snorg bites you!
You die...

#### #... #....
#....# #....T##
#....@#
#.............
#...........##
.............#
.##............
#..##........
... ##.......
.##. .......


You could see Snorg (berserk, very poisoned).

Vanquished Creatures
  A two-headed ogre (D:8)
  A komodo dragon (D:9)
  An efreet (D:8)
  A kobold demonologist (D:6)
  A hornet (D:9)
  3 trolls
  A hippogriff (D:4)
  Sigmund (D:6)
  Eustachio (D:4)
  2 hungry ghosts
  The ghost of Uniporpoise the Stinger, an amateur OpVM (D:3)
  Edmund (D:6)
  Duvessa (D:7)
  6 orc warriors
  A sky beast (D:9)
  3 phantoms
  An ice beast (D:8)
  An eye of draining (D:9)
  A necrophage (D:9)
  6 ogres
  3 centaurs
  A big kobold (D:8)
  10 bullfrogs
  A gnoll sergeant (D:5)
  Dowan (D:7)
  A wyvern skeleton (D:7)
  4 scorpions
  A wight (D:8)
  5 howler monkeys
  2 vampire bats (D:2)
  3 crimson imps
  3 centaur zombies
  5 hounds
  A jelly (D:9)
  4 orc priests
  Crazy Yiuf (D:2)
  A bullfrog zombie (D:6)
  A gnoll shaman (D:6)
  14 orc wizards
  3 iguanas
  6 worker ants
  A killer bee zombie (D:8)
  A hound zombie (D:5)
  A worker ant zombie (D:7)
  16 gnolls
  A howler monkey skeleton (D:5)
  19 adders
  2 shadow imps
  4 oozes
  2 worms
  2 adder skeletons
  3 dart slugs
  5 leopard geckos
  33 orcs
  12 bats
  2 bat skeletons (D:2)
  3 bat zombies (D:2)
  3 giant cockroaches
  2 gnoll zombies (D:3)
  8 goblins
  4 hobgoblins
  11 jackals
  A quokka (D:7)
  4 frilled lizards
  2 jackal skeletons
  7 kobolds
  A leopard gecko skeleton (D:7)
  A quokka skeleton (D:2)
  A quokka zombie (D:5)
  8 rats
  2 demonic plants (Temple)
268 creatures vanquished.

Vanquished Creatures (others)
  A centaur skeleton (D:8)
  A plant (D:9)
2 creatures vanquished.

Grand Total: 270 creatures vanquished

Notes
Turn   | Place    | Note
-------+----------+-------------------------------------------
     0 | D:1      | hawla the Minotaur Berserker began the quest for the Orb.
     0 | D:1      | Reached XP level 1. HP: 19/19 MP: 0/0
   249 | D:1      | Reached XP level 2. HP: 17/27 MP: 1/1
   459 | D:1      | Reached skill level 4 in Maces & Flails
   847 | D:2      | Reached XP level 3. HP: 26/34 MP: 2/2
   925 | D:2      | Reached ** piety under Trog
  1044 | D:2      | Reached XP level 4. HP: 41/41 MP: 3/3
  1048 | D:2      | Found an ancient bone altar of Kikubaaqudgha.
  1051 | D:2      | Reached skill level 5 in Maces & Flails
  1067 | D:2      | Reached skill level 5 in Fighting
  1071 | D:2      | Reached XP level 5. HP: 48/48 MP: 4/4
  1494 | D:2      | Found a hide-covered altar of Uskayaw.
  1594 | D:2      | You fall into a shaft and drop 1 floor!
  1862 | D:2      | Found a runed translucent door.
  1863 | D:2      | Noticed Crazy Yiuf
  2224 | D:3      | Found a snail-covered altar of Cheibriados.
  2534 | D:3      | Found a basalt altar of Yredelemnul.
  2645 | D:3      | Found a runed translucent door.
  2677 | D:3      | Found a shimmering altar of Xom.
  2942 | D:3      | Noticed Uniporpoise's ghost (amateur OpVM)
  3053 | D:2      | Killed Crazy Yiuf
  3053 | D:2      | Reached skill level 1 in Staves
  3053 | D:2      | Reached XP level 6. HP: 51/57 MP: 5/5
  3131 | D:4      | Noticed a hippogriff
  3140 | D:4      | Killed a hippogriff
  3349 | D:4      | Found a sparkling altar of Nemelex Xobeh.
  3407 | D:4      | Reached *** piety under Trog
  3450 | D:4      | Reached XP level 7. HP: 58/64 MP: 6/6
  3689 | D:4      | Noticed Eustachio
  3711 | D:4      | Reached skill level 1 in Throwing
  3728 | D:4      | Killed Eustachio
  3728 | D:4      | Reached skill level 1 in Axes
  4008 | D:4      | Reached skill level 5 in Staves
  4101 | D:4      | Reached XP level 8. HP: 71/71 MP: 7/7
  4282 | D:4      | Found an ornate altar of the Wu Jian Council.
  4547 | D:3      | Killed Uniporpoise's ghost
  4610 | D:5      | Entered Level 5 of the Dungeon
  5629 | D:5      | Reached **** piety under Trog
  5785 | D:6      | Reached skill level 5 in Dodging
  5884 | D:6      | Reached XP level 9. HP: 42/81 MP: 8/8
  6104 | D:6      | Reached skill level 5 in Axes
  6159 | D:6      | Noticed a kobold demonologist
  6204 | D:6      | Reached skill level 6 in Maces & Flails
  7549 | D:6      | Noticed a hellwing
  7563 | D:6      | Killed a kobold demonologist
  7765 | D:6      | Noticed Sigmund
  7767 | D:6      | Noticed Edmund
  7783 | D:6      | Killed Sigmund
  7783 | D:6      | Reached skill level 5 in Armour
  7785 | D:6      | Killed Edmund
  8164 | D:7      | Found a transporter.
  8188 | D:7      | Found Melidd's Armour Shoppe.
  8339 | D:7      | Found a staircase to the Ecumenical Temple.
  8357 | Temple   | Entered the Ecumenical Temple
  8400 | D:7      | Found a transporter.
  8415 | D:7      | Found a burning altar of Makhleb.
  8441 | D:7      | Noticed a kobold demonologist
  8475 | D:7      | Noticed Duvessa
  8475 | D:7      | Noticed Dowan
  8488 | D:7      | Killed Duvessa
  8488 | D:7      | Reached skill level 1 in Polearms
  8490 | D:7      | Killed Dowan
  8835 | D:7      | Found a shadowy altar of Dithmenos.
  9265 | D:7      | Reached XP level 10. HP: 90/90 MP: 9/9
  9343 | D:7      | Found an opulent altar of Gozag.
  9344 | D:7      | Found a glowing silver altar of Zin.
  9420 | D:7      | Reached ***** piety under Trog
  9657 | D:8      | Reached skill level 7 in Maces & Flails
  9786 | D:8      | Noticed a two-headed ogre
 10207 | D:8      | Found a stormy altar of Qazlal.
 10507 | D:8      | Found a blossoming altar of Fedhas.
 10663 | D:8      | HP: 1/91 [efreet/+2 great mace of protection (22)]
 10665 | D:8      | Reached skill level 8 in Maces & Flails
 11178 | D:8      | Killed a two-headed ogre
 11178 | D:8      | Reached skill level 1 in Long Blades
 11178 | D:8      | Reached skill level 5 in Throwing
 12062 | D:9      | Paralysed by a hornet for 1 turns
 12065 | D:9      | Reached skill level 9 in Maces & Flails
 12452 | D:9      | Found a staircase to the Lair.
 12519 | D:9      | Reached skill level 10 in Maces & Flails
 12834 | D:9      | Found a radiant altar of Vehumet.
 12867 | D:9      | Reached XP level 11. HP: 99/99 MP: 10/10
 12969 | D:9      | Found Fiafris's Antique Weapon Boutique.
 12980 | D:9      | Reached skill level 11 in Maces & Flails
 12987 | D:9      | Bought a polished falchion for 224 gold pieces
 12987 | D:9      | Identified the +6 falchion of Wyrd {vorpal, rPois MR-
                  | Dex+3} (You bought it in a shop on level 9 of the Dungeon)
 13313 | D:10     | Entered Level 10 of the Dungeon
 13313 | D:10     | Noticed Snorg
 13327 | D:10     | Slain by Snorg

Illustrated notes

Levels and vault maps discovered:
D:1:      minmay_arrival_loop, layout_rooms, kennysheep_small_spiral
D:2:      layout_loops_ring, kennysheep_vampire_church,
          eat_drink_and_be_merry_uskayaw, minmay_split_cup_small,
          uniq_crazy_yiuf_cottage
D:3:      layout_basic, kennysheep_slug_shrine, lemuel_zombie_altar_yredelemnul,
          old_standard_altar, gammafunk_ghost_grave
D:4:      layout_basic, nicolae_overflow_hidden_temple, lemuel_doored_altar,
          uniq_eustachio
D:5:      layout_loops_ring, first_ration
D:6:      minmay_chambers_of_fours, layout_rooms, sigmund_edmund_badplayer,
          uniq_sigmund
D:7:      gammafunk_wand_slinger, layout_basic,
          grunt_temple_overflow_gold_and_silver, kennysheep_little_box,
          minmay_temple_entry_large_hall, basic_altar, serial_shops, shop,
          uniq_duvessa
D:8:      minmay_the_grid_octo_2x2 [minmay_the_grid_octo_tetromino_candy,
          minmay_the_grid_octo_odd_swirl, minmay_the_grid_octo_focus,
          minmay_the_grid_octo_prize_big_c], layout_gridville,
          nicolae_qazlal_general_emergency, fedhas_altar_1,
          serial_co_window_serial, co_window_cross_1, co_window_corner_a,
          co_window_paths_a, co_window_paths_b, co_window_cross_1,
          co_window_broadway_a, co_window_corner_ca, co_window_4corner_a,
          glass_columns_a, glass_columns_a, glass_columns_b, glass_columns_a,
          glass_columns_a
D:9:      layout_roguey, nicolae_overflow_crystal_walls, david_lair_shrubbed,
          serial_shops, shop
D:10:     layout_cave_pools, erik_orc_3, serial_shops, nicolae_shop_crystal,
          the_bakery, kennysheep_generic_room_14, uniq_psyche, uniq_snorg
Temple:   corrupted_temple

Skill      XL: |  1  2  3  4  5  6  7  8  9 10 11 |
---------------+----------------------------------+-----
Fighting       | 4 5 6 7 8 9 |  9.9
Maces & Flails | 4 5 6 10 11 | 11.1
Dodging        | 3 4 5 6 |  6.4
Staves         | 1 3 5 6 7 |  7.1
Throwing       | 1 3 4 5 |  5.3
Axes           | 2 4 6 |  6.6
Armour         | 3 6 8 |  8.4
Polearms       | 2 |  2.1
Long Blades    | 1 |  1.4

Action                   |  1- 3 |  4- 6 |  7- 9 | 10-12 || total
-------------------------+-------+-------+-------+-------++-------
Melee: Mace              |    46 |    38 |       |       ||    84
       Headbutt          |     6 |    13 |    48 |    62 ||   129
       Quarterstaff      |       |    64 |    84 |       ||   148
       Hand axe          |       |       |    30 |       ||    30
       War axe           |       |       |    59 |    13 ||    72
       Morningstar       |       |       |    53 |    20 ||    73
       Flail             |       |       |    45 |   108 ||   153
       Scythe            |       |       |    42 |     1 ||    43
       Spear             |       |       |     4 |       ||     4
       Great mace        |       |       |       |   102 ||   102
       Great sword       |       |       |       |     8 ||     8
       Falchion          |       |       |       |     4 ||     4
Throw: Boomerang         |     2 |     1 |    22 |    11 ||    36
       Dart              |       |     8 |    39 |    27 ||    74
       Throwing net      |       |       |     1 |       ||     1
Invok: Trog's Hand       |       |       |     2 |       ||     2
  Use: Scroll            |     4 |       |     6 |     2 ||    12
       Potion            |       |     3 |     5 |     5 ||    13
  Eat: Chunk             |       |     6 |    11 |     5 ||    22
       Ration            |       |     1 |     2 |     4 ||     7
Armor: Animal skin       |     6 |    21 |    25 |       ||    52
       Leather armour    |       |       |     8 |       ||     8
       Ring mail         |       |       |    49 |       ||    49
       Chain mail        |       |       |     2 |    53 ||    55
       Scale mail        |       |       |    26 |     4 ||    30
       Plate armour      |       |       |       |    96 ||    96
Dodge: Dodged            |    51 |    83 |   296 |   140 ||   570
       Rpst.: Falchion   |       |       |       |     1 ||     1
